 Dungeon Crawl Stone Soup version 0.30.1-11-g7821555f0a (webtiles) character file.

Game seed: 9181710988134440789

77 lonewolfV2 the Shield-Bearer (level 4, 0/30 (33) HPs)
             Began as a Formicid Fighter on Nov 9, 2023.
             Was a Follower of Hepliaklqana.
             Slain by Robin
             ... wielding a +0 short sword of draining
              (1 damage)
             ... on level 3 of the Dungeon.
             The game lasted 00:02:03 (1456 turns).

lonewolfV2 the Shield-Bearer (Formicid Fighter)     Turns: 1456, Time: 00:02:03

HP:   0/30 (33)     AC:  7    Str: 22    XL:     4   Next: 60%
MP:   4/4           EV: 10    Int:  8    God:    Hepliaklqana [*.....]
Gold: 119           SH:  5    Dex: 13    Spells: 3/3 levels left

rFire   . . .        a - +0 war axe
rCold   . . .        c - +0 buckler
rNeg    . . .        b - +0 scale mail
rPois   .            (helmet unavailable)
rElec   .            (no cloak)
rCorr   .            (no gloves)
SInv    +            (no boots)
Will    .....        (no amulet) Stlth
                     (no ring)
HPRegen 0.25/turn    (no ring)
MPRegen 0.09/turn

%: no passive effects
@: drained
A: reduced essence, permanent stasis, dig shafts and tunnels, antennae 3, four
strong arms
a: Dig, Shaft Self, Renounce Religion, Recall Ancestor, Ancestor Identity


You were on level 3 of the Dungeon.
You worshipped Hepliaklqana.
Hepliaklqana was aware of your devotion.
You visited 1 branch of the dungeon, and saw 3 of its levels.

You collected 119 gold pieces.

Inventory:

Hand Weapons
 a - a +0 war axe (weapon)
Armour
 b - a +0 scale mail (worn)
 c - a +0 buckler (worn)
Potions
 d - a potion of might
 e - a potion of curing
 f - a potion of haste {unknown}
 g - a potion of invisibility {unknown}
 h - a potion of cancellation


   Skills:
 + Level 4.0 Fighting
 - Level 2.0 Axes
 + Level 3.9 Armour
 * Level 2.3 Dodging
 - Level 4.0 Shields


You had 3 spell levels left.
You didn't know any spells.
Your spell library contained the following spells:

 Spells                   Type           Power      Damage    Failure   Level
 Ensorcelled Hibernation  Hex/Ice        0%         N/A       90%         2
 Spider Form              Tmut/Pois      0%         N/A       99%         3
 Anguish                  Hex/Necr       0%         N/A       100%        4


Dungeon Overview and Level Annotations

Branches:
Dungeon (3/15)

Altars:
Hepliaklqana

Annotations:
D:3 Robin


Innate Abilities, Weirdness & Mutations

Your life essence is reduced to manifest your ancestor. (-10% HP)
You cannot be hasted, slowed, berserked, paralysed or teleported.
You can dig through walls and to a lower floor.
You have a pair of large antennae on your head. (SInv)
Your four strong arms can wield two-handed weapons with a shield.


Message History

You closely miss the goblin. x2
The goblin no longer looks unusually strong.
The goblin closely misses you. x2; The goblin hits you with a +0 club.
Robin roars a battlecry!
The goblins go into a battle-frenzy!
The goblin hits you with a +0 club. The goblin completely misses you.
You slash the goblin!
You kill the goblin!
You miss the goblin. You slash the goblin!
You kill the goblin!
The goblin no longer looks unusually strong.
The goblin barely misses you.
Your Fighting skill increases to level 4!
You slash the goblin!
You kill the goblin!
You barely miss the goblin.
Robin says, "My army is invincible!"
Robin throws the goblin at you! The goblin hits you but does no damage.
The goblin attacks as you move away! You block the goblin's attack.
The goblin closely misses you.
You hit the goblin.
You kill the goblin!
You barely miss Robin. You hit the goblin but do no damage.
The goblin hits you but does no damage. Robin throws the goblin at you!
The goblin hits you with a +0 club. x2; The goblin hits you with a +0 dagger.
* * * LOW HITPOINT WARNING * * *
You block Robin's attack. The goblin barely misses you. Robin misses you.
Items here: )) ††.
You slash the goblin!
You kill the goblin!
You closely miss Robin. You closely miss the goblin.
The goblin hits you with a +0 dagger.
* * * LOW HITPOINT WARNING * * *
Robin hits you but does no damage.
You feel drained. The goblin hits you but does no damage.
Robin hits you with a +0 short sword of draining.
* * * LOW HITPOINT WARNING * * *
You feel drained.
You die...

... .# . #.##..#
.. #.##..# $..
#.#...# ....
#..#...##
.....##.##..#.###
.......<##......
#.##..#.###g#.#
#.........@))#
####....#.#g##
#.#.....)..
...#...###### #.#
###.. #. .... #
.##.# . .#


You could see Robin and a goblin (strong).

Vanquished Creatures
  A gnoll (D:1)
  2 adders (D:2)
  A worm (D:2)
  4 ball pythons
  3 bats
  6 endoplasms
  A giant cockroach (D:1)
  11 goblins
  3 hobgoblins
  2 kobolds (D:1)
  A quokka (D:1)
  3 frilled lizards (D:1)
  3 rats
41 creatures vanquished.

Vanquished Creatures (collateral kills)
  2 goblins (D:3)
2 creatures vanquished.

Vanquished Creatures (others)
  An ancestor (D:3)
1 creature vanquished.

Grand Total: 44 creatures vanquished

Notes
Turn   | Place    | Note
-------+----------+-------------------------------------------
     0 | D:1      | lonewolfV2 the Formicid Fighter began the quest for the
                  | Orb.
     0 | D:1      | Reached XP level 1. HP: 18/18 MP: 1/1
    52 | D:1      | Reached XP level 2. HP: 19/24 MP: 2/2
    82 | D:1      | Reached skill level 1 in Dodging
   245 | D:1      | Reached XP level 3. HP: 29/29 MP: 3/3
   686 | D:2      | Reached XP level 4. HP: 31/37 MP: 4/4
  1386 | D:2      | Found a faded altar of an unknown god.
  1391 | D:2      | Prayed at the altar of an unknown god.
  1391 | D:2      | Became a worshipper of Hepliaklqana the Forgotten
  1391 | D:2      | Reached * piety under Hepliaklqana
  1435 | D:3      | Noticed Robin
  1456 | D:3      | HP: 1/32 [Robin/+0 short sword of draining (5)]
  1456 | D:3      | Slain by Robin

Illustrated notes

Levels and vault maps discovered:
D:1:      beargit_arrival_greenhouse, layout_loops_cross
D:2:      cheibrodos_helix_gallery, layout_loops_cross,
          shapermc_ecumenical_altar_acropolis
D:3:      layout_loops_ring, uniq_natasha, uniq_robin

Skill      XL: |  1  2  3  4 |
---------------+-------------+-----
Dodging        | 1 2 |  2.3
Fighting       | 4 |  4.0
Axes           | |  2.0
Armour         | |  3.9
Shields        | |  4.0

Action                     |  1- 3 |  4- 6 || total
---------------------------+-------+-------++-------
  Melee: War axe           |    62 |    30 ||    92
    Use: Scroll            |     3 |     1 ||     4
 Armour: Scale mail        |    26 |    26 ||    52
  Dodge: Dodged            |    40 |    26 ||    66
  Block: Buckler           |    19 |     9 ||    28
